[ AOE2 MATCH · #506478921 ]
UnrankedHuns vs Magyars
[ REPLAY ANALYSIS · EXTRACTED FROM THE RECORDED GAME ]
Feudal
12:18
Castle
30:20
Imperial
—
| APM avg | 45.7 |
| APM peak | 88 |
| eAPM avg | 18.3 |
| Villagers / military | 54 / 88 |
Focus
⚔️ 25.2% · 🌾 74.8%
Knight ×47 · Scout Cavalry ×38 · Spearman ×3
Feudal
12:00
Castle
34:48
Imperial
—
| APM avg | 28.7 |
| APM peak | 57 |
| eAPM avg | 14.1 |
| Villagers / military | 80 / 33 |
Focus
⚔️ 28.5% · 🌾 71.5%
Scout Cavalry ×27 · Spearman ×6
Feudal
11:51
Castle
23:50
Imperial
—
| APM avg | 48.9 |
| APM peak | 124 |
| eAPM avg | 22.8 |
| Villagers / military | 80 / 102 |
Focus
⚔️ 30.1% · 🌾 69.9%
Cavalry Archer ×36 · Skirmisher ×20 · Archer ×11 · Scorpion ×11 · Knight ×9 · Scout Cavalry ×7
Feudal
12:27
Castle
26:04
Imperial
—
| APM avg | 40.7 |
| APM peak | 81 |
| eAPM avg | 16.1 |
| Villagers / military | 75 / 151 |
Focus
⚔️ 33.3% · 🌾 66.7%
Archer ×145 · Armored Elephant ×3 · Scorpion ×2 · Spearman ×1
Match map
Initial resources + every placement click. Lines = walls · curves = elevation contours. ◆ gold · ⬟ stone · ● berries · ✦ relic · ◌ wall gap
Your base· Open — unwalled flank
LMG_Leonardo's base· Open — unwalled flank
LMG_HERA DE TEMU's base· Open — unwalled flank
[/\/\@LiBi] myplannoplan's base· Open — 1t gap
Smoothed initial terrain · ◌ = detected wall gap · hover for details
Inputs per minute
— [/\/\@LiBi] shredz - - LMG_Leonardo
Build order — [/\/\@LiBi] shredz
First 150 of 151 actions detected
| 0:17 | Build | Town Center |
| 2:47 | Queue | Villager (Male) |
| 3:02 | Queue | Villager (Male) |
| 3:03 | Queue | Villager (Male) |
| 3:04 | Queue | Villager (Male) |
| 4:15 | Queue | Villager (Male) |
| 4:38 | Queue | Villager (Male) |
| 5:24 | Queue | Villager (Male) |
| 5:42 | Queue | Villager (Male) |
| 5:55 | Build | Lumber Camp |
| 6:02 | Queue | Villager (Male) |
| 6:13 | Queue | Villager (Male) |
| 6:38 | Queue | Villager (Male) |
| 7:34 | Queue | Villager (Male) |
| 7:46 | Queue | Villager (Male) |
| 8:09 | Queue | Villager (Male) |
| 8:31 | Build | Mill |
| 8:53 | Queue | Villager (Male) |
| 8:58 | Queue | Villager (Male) |
| 9:09 | Build | Mill |
| 9:30 | Research | Loom |
| 10:06 | Research | Feudal Age |
| 10:39 | Build | Barracks |
| 10:50 | Queue | Villager (Male) |
| 11:20 | Queue | Villager (Male) |
| 11:45 | Queue | Villager (Male) |
| 12:18 | Age | Feudal Age |
| 12:22 | Build | Stable |
| 12:28 | Build | Stable |
| 12:37 | Queue | Villager (Male) |
| 13:17 | Queue | Scout Cavalry |
| 13:17 | Queue | Scout Cavalry |
| 13:18 | Queue | Scout Cavalry |
| 13:18 | Queue | Villager (Male) |
| 13:36 | Build | Mill |
| 13:38 | Queue | Scout Cavalry |
| 13:40 | Queue | Villager (Male) |
| 14:42 | Build | Outpost |
| 15:03 | Queue | Scout Cavalry |
| 15:20 | Queue | Scout Cavalry |
| 15:20 | Queue | Scout Cavalry |
| 15:21 | Queue | Villager (Male) |
| 15:34 | Queue | Spearman |
| 15:35 | Queue | Villager (Male) |
| 15:43 | Build | Blacksmith |
| 15:48 | Build | Palisade Wall |
| 16:01 | Queue | Scout Cavalry |
| 16:01 | Queue | Scout Cavalry |
| 16:03 | Queue | Villager (Male) |
| 16:16 | Queue | Scout Cavalry |
| 16:17 | Queue | Scout Cavalry |
| 16:18 | Queue | Villager (Male) |
| 16:24 | Queue | Scout Cavalry |
| 16:24 | Queue | Scout Cavalry |
| 16:38 | Research | Town Watch |
| 16:59 | Queue | Scout Cavalry |
| 16:59 | Queue | Scout Cavalry |
| 17:22 | Queue | Scout Cavalry |
| 17:39 | Queue | Scout Cavalry |
| 17:39 | Queue | Villager (Male) |
| 18:03 | Research | Forging |
| 18:33 | Queue | Scout Cavalry |
| 18:33 | Queue | Scout Cavalry |
| 18:34 | Queue | Villager (Male) |
| 18:39 | Queue | Spearman |
| 18:52 | Build | Mill |
| 19:00 | Queue | Scout Cavalry |
| 19:00 | Queue | Scout Cavalry |
| 19:13 | Queue | Spearman |
| 19:15 | Queue | Villager (Male) |
| 19:33 | Queue | Villager (Male) |
| 19:43 | Queue | Villager (Male) |
| 19:46 | Queue | Scout Cavalry ×2 |
| 20:15 | Queue | Villager (Male) |
| 20:41 | Research | Scale Barding Armor |
| 20:53 | Queue | Scout Cavalry ×4 |
| 21:07 | Queue | Scout Cavalry |
| 21:09 | Queue | Villager (Male) |
| 22:11 | Queue | Scout Cavalry ×5 |
| 22:11 | Queue | Scout Cavalry |
| 22:43 | Queue | Villager (Male) |
| 22:43 | Queue | Villager (Male) |
| 22:54 | Queue | Scout Cavalry |
| 22:54 | Queue | Scout Cavalry |
| 23:04 | Build | Mill |
| 23:08 | Queue | Villager (Male) |
| 23:19 | Build | Mill |
| 24:04 | Queue | Scout Cavalry |
| 24:04 | Queue | Scout Cavalry |
| 24:19 | Queue | Villager (Male) |
| 24:28 | Build | Mining Camp |
| 25:22 | Queue | Villager (Male) |
| 25:41 | Build | Mining Camp |
| 26:25 | Research | Wheelbarrow |
| 26:26 | Queue | Villager (Male) |
| 27:19 | Build | Outpost |
| 27:23 | Build | Mill |
| 27:28 | Research | Bloodlines |
| 27:35 | Research | Castle Age |
| 27:59 | Build | Stable |
| 28:02 | Build | Stable |
| 29:06 | Queue | Villager (Male) |
| 29:22 | Build | Mill |
| 30:03 | Build | Mill |
| 30:13 | Queue | Villager (Male) |
| 30:20 | Age | Castle Age |
| 30:27 | Queue | Knight ×5 |
| 30:27 | Queue | Knight ×4 |
| 30:30 | Research | Husbandry |
| 30:56 | Research | Iron Casting |
| 30:57 | Queue | Villager (Male) |
| 31:11 | Queue | Villager (Male) |
| 31:23 | Queue | Knight |
| 31:24 | Queue | Knight |
| 31:25 | Queue | Villager (Male) |
| 31:37 | Queue | Villager (Male) |
| 31:39 | Research | Gold Mining |
| 31:46 | Research | Double-Bit Axe |
| 32:29 | Research | Chain Barding Armor |
| 32:50 | Queue | Knight ×3 |
| 33:01 | Queue | Knight |
| 33:02 | Queue | Knight |
| 33:10 | Queue | Knight |
| 33:20 | Queue | Villager (Male) |
| 33:21 | Queue | Knight |
| 33:40 | Queue | Villager (Male) |
| 33:42 | Queue | Knight ×2 |
| 33:58 | Build | Mill |
| 34:14 | Queue | Knight ×2 |
| 34:14 | Queue | Knight ×3 |
| 34:15 | Queue | Villager (Male) |
| 34:35 | Queue | Knight ×2 |
| 34:37 | Queue | Villager (Male) |
| 34:50 | Queue | Knight |
| 34:51 | Queue | Villager (Male) |
| 34:57 | Queue | Villager (Male) |
| 34:59 | Queue | Knight |
| 34:59 | Queue | Knight |
| 35:00 | Queue | Villager (Male) |
| 35:25 | Queue | Knight ×2 |
| 35:29 | Queue | Villager (Male) |
| 36:06 | Queue | Knight ×4 |
| 36:07 | Queue | Knight ×4 |
| 36:22 | Queue | Knight |
| 36:31 | Queue | Knight |
| 36:52 | Queue | Knight |
| 36:52 | Queue | Knight |
| 37:49 | Queue | Knight |
| 37:49 | Queue | Knight |
| 37:50 | Queue | Knight |
Build order — LMG_Leonardo
First 150 of 183 actions detected
| 0:16 | Build | Town Center |
| 0:46 | Build | House |
| 1:37 | Build | House |
| 2:29 | Queue | Villager (Male) |
| 2:30 | Queue | Villager (Male) |
| 2:30 | Queue | Villager (Male) |
| 2:30 | Queue | Villager (Male) |
| 2:30 | Queue | Villager (Male) |
| 3:20 | Queue | Villager (Male) |
| 3:20 | Queue | Villager (Male) |
| 3:44 | Build | House |
| 4:08 | Queue | Villager (Male) |
| 4:08 | Queue | Villager (Male) |
| 4:08 | Queue | Villager (Male) |
| 4:09 | Queue | Villager (Male) |
| 4:31 | Queue | Villager (Male) |
| 4:31 | Queue | Villager (Male) |
| 5:01 | Build | Lumber Camp |
| 5:05 | Queue | Villager (Male) |
| 5:06 | Queue | Villager (Male) |
| 5:06 | Queue | Villager (Male) |
| 5:07 | Queue | Villager (Male) |
| 5:33 | Queue | Villager (Male) |
| 5:33 | Queue | Villager (Male) |
| 6:00 | Queue | Villager (Male) |
| 6:00 | Queue | Villager (Male) |
| 6:33 | Queue | Villager (Male) |
| 6:33 | Queue | Villager (Male) |
| 6:51 | Build | House |
| 6:58 | Build | House |
| 7:15 | Build | House |
| 7:28 | Queue | Villager (Male) |
| 7:28 | Queue | Villager (Male) |
| 7:28 | Queue | Villager (Male) |
| 7:30 | Build | House |
| 7:53 | Queue | Villager (Male) |
| 7:53 | Queue | Villager (Male) |
| 8:09 | Build | Mill |
| 8:21 | Research | Loom |
| 9:11 | Queue | Villager (Male) |
| 9:50 | Research | Feudal Age |
| 9:50 | Research | Feudal Age |
| 10:58 | Build | Barracks |
| 11:01 | Build | House |
| 11:30 | Queue | Villager (Male) |
| 11:30 | Queue | Villager (Male) |
| 12:00 | Age | Feudal Age |
| 12:02 | Research | Double-Bit Axe |
| 12:31 | Build | Stable |
| 12:36 | Queue | Villager (Male) |
| 12:54 | Queue | Villager (Male) |
| 13:03 | Build | Stable |
| 13:11 | Queue | Villager (Male) |
| 13:16 | Queue | Scout Cavalry |
| 13:16 | Queue | Scout Cavalry |
| 13:16 | Queue | Scout Cavalry |
| 13:33 | Build | Mill |
| 13:44 | Queue | Villager (Male) |
| 13:48 | Build | House |
| 13:50 | Build | House |
| 14:13 | Build | House |
| 14:14 | Build | House |
| 14:18 | Queue | Scout Cavalry |
| 14:18 | Queue | Scout Cavalry |
| 14:19 | Queue | Scout Cavalry |
| 14:44 | Build | House |
| 15:20 | Queue | Villager (Male) |
| 15:20 | Queue | Villager (Male) |
| 15:21 | Queue | Scout Cavalry |
| 15:21 | Queue | Scout Cavalry |
| 15:22 | Queue | Scout Cavalry |
| 15:22 | Queue | Scout Cavalry |
| 15:41 | Queue | Villager (Male) |
| 15:56 | Queue | Scout Cavalry |
| 15:56 | Queue | Scout Cavalry |
| 16:10 | Build | Mill |
| 16:37 | Queue | Villager (Male) |
| 16:38 | Queue | Villager (Male) |
| 16:38 | Queue | Villager (Male) |
| 16:57 | Queue | Scout Cavalry |
| 16:57 | Queue | Scout Cavalry |
| 16:58 | Queue | Scout Cavalry |
| 17:32 | Queue | Scout Cavalry |
| 17:32 | Queue | Scout Cavalry |
| 17:32 | Queue | Scout Cavalry |
| 17:49 | Queue | Spearman |
| 17:49 | Queue | Spearman |
| 17:49 | Queue | Spearman |
| 17:52 | Queue | Villager (Male) |
| 17:53 | Queue | Villager (Male) |
| 18:37 | Queue | Scout Cavalry |
| 18:37 | Queue | Scout Cavalry |
| 18:50 | Build | House |
| 18:54 | Build | House |
| 19:19 | Queue | Villager (Male) |
| 19:19 | Queue | Villager (Male) |
| 19:19 | Queue | Villager (Male) |
| 19:28 | Queue | Scout Cavalry |
| 19:28 | Queue | Scout Cavalry |
| 19:29 | Queue | Scout Cavalry |
| 19:29 | Queue | Scout Cavalry |
| 20:06 | Queue | Scout Cavalry |
| 20:06 | Queue | Scout Cavalry |
| 20:06 | Queue | Scout Cavalry |
| 20:29 | Queue | Villager (Male) |
| 20:29 | Queue | Villager (Male) |
| 20:59 | Queue | Villager (Male) |
| 20:59 | Queue | Villager (Male) |
| 21:00 | Queue | Villager (Male) |
| 21:28 | Queue | Villager (Male) |
| 21:28 | Queue | Villager (Male) |
| 21:28 | Queue | Villager (Male) |
| 22:57 | Build | Mill |
| 23:30 | Queue | Villager (Male) |
| 23:30 | Queue | Villager (Male) |
| 23:31 | Queue | Villager (Male) |
| 24:01 | Build | House |
| 24:12 | Queue | Villager (Male) |
| 24:16 | Build | Farm |
| 24:18 | Build | Farm |
| 24:20 | Build | Farm |
| 24:25 | Build | Farm |
| 24:28 | Build | Farm |
| 25:25 | Build | Farm |
| 25:38 | Build | Mining Camp |
| 25:43 | Queue | Villager (Male) |
| 25:43 | Queue | Villager (Male) |
| 25:47 | Queue | Villager (Male) |
| 25:47 | Queue | Villager (Male) |
| 26:13 | Queue | Villager (Male) |
| 26:13 | Queue | Villager (Male) |
| 26:24 | Build | Mill |
| 26:39 | Queue | Villager (Male) |
| 26:39 | Queue | Villager (Male) |
| 26:44 | Build | Mill |
| 27:02 | Build | Market |
| 27:04 | Build | Stable |
| 27:05 | Build | Stable |
| 27:13 | Build | Farm |
| 27:16 | Research | Horse Collar |
| 27:33 | Build | Farm |
| 27:38 | Build | Farm |
| 27:40 | Queue | Villager (Male) |
| 27:40 | Queue | Villager (Male) |
| 27:49 | Build | Mill |
| 27:55 | Build | Farm |
| 28:08 | Build | Farm |
| 28:53 | Queue | Villager (Male) |
| 28:54 | Queue | Villager (Male) |
| 29:54 | Queue | Villager (Male) |
Build order — LMG_HERA DE TEMU
First 150 of 240 actions detected
| 0:17 | Build | Town Center |
| 2:28 | Queue | Villager (Male) |
| 2:28 | Queue | Villager (Male) |
| 2:28 | Queue | Villager (Male) |
| 2:29 | Queue | Villager (Male) |
| 2:29 | Queue | Villager (Male) |
| 2:29 | Queue | Villager (Male) |
| 2:29 | Queue | Villager (Male) |
| 3:45 | Queue | Villager (Male) |
| 3:45 | Queue | Villager (Male) |
| 3:45 | Queue | Villager (Male) |
| 4:19 | Build | Lumber Camp |
| 4:27 | Queue | Villager (Male) |
| 4:27 | Queue | Villager (Male) |
| 4:35 | Build | Lumber Camp |
| 5:05 | Queue | Villager (Male) |
| 5:05 | Queue | Villager (Male) |
| 5:05 | Queue | Villager (Male) |
| 5:05 | Queue | Villager (Male) |
| 5:56 | Queue | Villager (Male) |
| 5:56 | Queue | Villager (Male) |
| 6:24 | Queue | Villager (Male) |
| 6:24 | Queue | Villager (Male) |
| 6:46 | Queue | Villager (Male) |
| 6:47 | Queue | Villager (Male) |
| 7:15 | Queue | Villager (Male) |
| 7:16 | Queue | Villager (Male) |
| 7:35 | Build | Mill |
| 8:25 | Queue | Villager (Male) |
| 8:25 | Queue | Villager (Male) |
| 8:45 | Research | Loom |
| 9:28 | Research | Feudal Age |
| 9:29 | Research | Feudal Age |
| 9:59 | Build | Barracks |
| 10:31 | Build | Palisade Wall |
| 11:51 | Age | Feudal Age |
| 11:54 | Build | Stable |
| 11:56 | Queue | Spearman |
| 12:00 | Queue | Villager (Male) |
| 12:00 | Queue | Villager (Male) |
| 12:00 | Queue | Villager (Male) |
| 12:05 | Research | Double-Bit Axe |
| 12:42 | Queue | Scout Cavalry |
| 12:42 | Queue | Scout Cavalry |
| 12:42 | Queue | Scout Cavalry |
| 12:42 | Queue | Scout Cavalry |
| 12:57 | Queue | Villager (Male) |
| 12:57 | Queue | Villager (Male) |
| 13:10 | Build | Archery Range |
| 13:52 | Build | Mining Camp |
| 13:58 | Queue | Villager (Male) |
| 13:58 | Queue | Villager (Male) |
| 14:01 | Queue | Skirmisher |
| 14:01 | Queue | Skirmisher |
| 14:33 | Queue | Skirmisher |
| 14:43 | Build | Palisade Wall |
| 14:55 | Queue | Villager (Male) |
| 14:55 | Queue | Villager (Male) |
| 14:56 | Queue | Villager (Male) |
| 15:03 | Build | Mill |
| 15:25 | Queue | Skirmisher |
| 15:26 | Queue | Skirmisher |
| 15:30 | Queue | Archer |
| 15:30 | Queue | Archer |
| 15:41 | Build | Archery Range |
| 15:56 | Queue | Villager (Male) |
| 15:56 | Queue | Villager (Male) |
| 15:57 | Queue | Villager (Male) |
| 16:15 | Build | Palisade Wall |
| 16:18 | Build | Palisade Wall |
| 16:32 | Queue | Archer |
| 16:33 | Queue | Archer |
| 16:48 | Queue | Skirmisher |
| 16:48 | Queue | Skirmisher |
| 16:56 | Build | Blacksmith |
| 17:06 | Queue | Villager (Male) |
| 17:06 | Queue | Villager (Male) |
| 17:07 | Queue | Villager (Male) |
| 17:36 | Queue | Skirmisher |
| 17:36 | Queue | Skirmisher |
| 17:40 | Queue | Villager (Male) |
| 17:40 | Queue | Villager (Male) |
| 17:41 | Queue | Villager (Male) |
| 17:56 | Build | Archery Range |
| 18:07 | Build | Mill |
| 18:20 | Queue | Scout Cavalry |
| 18:20 | Queue | Scout Cavalry |
| 18:20 | Queue | Scout Cavalry |
| 18:25 | Queue | Archer |
| 18:25 | Queue | Archer |
| 18:25 | Queue | Archer |
| 18:26 | Queue | Archer |
| 19:25 | Research | Padded Archer Armor |
| 19:56 | Research | Fletching |
| 20:06 | Queue | Skirmisher |
| 20:06 | Queue | Skirmisher |
| 20:07 | Queue | Skirmisher |
| 21:10 | Research | Castle Age |
| 22:32 | Queue | Archer |
| 22:32 | Queue | Archer |
| 22:32 | Queue | Archer |
| 22:38 | Queue | Skirmisher |
| 22:39 | Queue | Skirmisher |
| 22:39 | Queue | Skirmisher |
| 22:39 | Queue | Skirmisher |
| 22:39 | Queue | Skirmisher |
| 22:39 | Queue | Skirmisher |
| 22:39 | Queue | Skirmisher |
| 22:40 | Queue | Skirmisher |
| 23:01 | Queue | Spearman |
| 23:02 | Queue | Spearman |
| 23:02 | Queue | Spearman |
| 23:41 | Research | Gold Mining |
| 23:45 | Queue | Villager (Male) |
| 23:45 | Queue | Villager (Male) |
| 23:45 | Queue | Villager (Male) |
| 23:45 | Queue | Villager (Male) |
| 23:50 | Age | Castle Age |
| 23:54 | Queue | Cavalry Archer |
| 23:54 | Queue | Cavalry Archer |
| 23:54 | Queue | Cavalry Archer |
| 23:55 | Queue | Cavalry Archer |
| 23:55 | Queue | Knight |
| 23:56 | Queue | Knight |
| 23:56 | Queue | Knight |
| 24:11 | Build | Town Center |
| 24:39 | Queue | Knight |
| 24:39 | Queue | Knight |
| 24:43 | Queue | Cavalry Archer |
| 24:43 | Queue | Cavalry Archer |
| 24:43 | Queue | Cavalry Archer |
| 25:37 | Queue | Knight |
| 25:37 | Queue | Knight |
| 25:38 | Queue | Cavalry Archer |
| 25:38 | Queue | Cavalry Archer |
| 26:27 | Queue | Knight |
| 26:27 | Queue | Knight |
| 26:28 | Queue | Cavalry Archer |
| 26:28 | Queue | Cavalry Archer |
| 26:28 | Queue | Cavalry Archer |
| 26:48 | Queue | Cavalry Archer |
| 26:48 | Queue | Cavalry Archer |
| 26:48 | Queue | Cavalry Archer |
| 26:49 | Queue | Cavalry Archer |
| 27:01 | Research | Town Watch |
| 27:16 | Build | Siege Workshop |
| 27:21 | Build | Siege Workshop |
| 27:25 | Queue | Villager (Male) |
| 27:25 | Queue | Villager (Male) |
| 27:43 | Queue | Cavalry Archer |
Build order — [/\/\@LiBi] myplannoplan
First 150 of 257 actions detected
| 0:16 | Build | Town Center |
| 0:47 | Build | House |
| 2:48 | Queue | Villager (Male) |
| 2:49 | Queue | Villager (Male) |
| 2:50 | Queue | Villager (Male) |
| 2:51 | Queue | Villager (Male) |
| 2:51 | Queue | Villager (Male) |
| 4:31 | Queue | Villager (Male) |
| 4:31 | Queue | Villager (Male) |
| 4:31 | Queue | Villager (Male) |
| 4:35 | Queue | Villager (Male) |
| 4:35 | Queue | Villager (Male) |
| 4:52 | Build | House |
| 5:21 | Queue | Villager (Male) |
| 5:21 | Queue | Villager (Male) |
| 5:26 | Build | House |
| 6:00 | Queue | Villager (Male) |
| 6:19 | Queue | Villager (Male) |
| 6:20 | Queue | Villager (Male) |
| 6:21 | Queue | Villager (Male) |
| 6:21 | Queue | Villager (Male) |
| 7:09 | Queue | Villager (Male) |
| 7:09 | Queue | Villager (Male) |
| 7:09 | Queue | Villager (Male) |
| 7:34 | Build | Mill |
| 8:13 | Queue | Villager (Male) |
| 8:55 | Queue | Villager (Male) |
| 8:55 | Queue | Villager (Male) |
| 9:11 | Build | Lumber Camp |
| 9:32 | Build | House |
| 9:35 | Research | Loom |
| 9:51 | Research | Loom |
| 10:17 | Research | Feudal Age |
| 10:17 | Research | Feudal Age |
| 10:40 | Build | Barracks |
| 11:06 | Queue | Villager (Male) |
| 12:05 | Queue | Villager (Male) |
| 12:27 | Age | Feudal Age |
| 12:29 | Build | Archery Range |
| 12:34 | Research | Double-Bit Axe |
| 12:46 | Build | Archery Range |
| 12:56 | Build | House |
| 13:19 | Queue | Villager (Male) |
| 13:40 | Queue | Archer |
| 13:40 | Queue | Archer |
| 13:52 | Queue | Spearman |
| 14:10 | Queue | Archer |
| 14:11 | Queue | Archer |
| 14:11 | Queue | Villager (Male) |
| 14:11 | Queue | Villager (Male) |
| 14:12 | Queue | Villager (Male) |
| 14:25 | Queue | Villager (Male) |
| 14:48 | Build | Mill |
| 14:59 | Queue | Archer |
| 15:06 | Build | House |
| 15:23 | Queue | Villager (Male) |
| 15:24 | Queue | Archer |
| 15:24 | Queue | Archer |
| 15:32 | Build | Blacksmith |
| 15:39 | Build | House |
| 15:42 | Queue | Archer |
| 16:07 | Queue | Archer |
| 16:08 | Queue | Archer |
| 16:29 | Queue | Archer |
| 16:43 | Build | House |
| 16:44 | Build | House |
| 16:48 | Queue | Archer |
| 16:57 | Research | Fletching |
| 16:57 | Research | Fletching |
| 17:20 | Research | Padded Archer Armor |
| 17:27 | Build | House |
| 17:32 | Queue | Archer ×2 |
| 17:32 | Queue | Archer ×2 |
| 17:36 | Research | Forging |
| 17:37 | Research | Scale Mail Armor |
| 17:40 | Queue | Villager (Male) |
| 17:40 | Queue | Villager (Male) |
| 18:00 | Build | Mill |
| 18:10 | Queue | Archer |
| 18:10 | Queue | Archer |
| 18:14 | Build | Farm |
| 18:15 | Queue | Villager (Male) |
| 18:22 | Research | Horse Collar |
| 18:24 | Build | Farm |
| 18:26 | Build | Farm |
| 19:12 | Queue | Archer |
| 19:13 | Queue | Archer |
| 19:13 | Queue | Archer |
| 19:13 | Queue | Villager (Male) |
| 19:14 | Queue | Villager (Male) |
| 19:14 | Queue | Villager (Male) |
| 19:32 | Queue | Archer |
| 19:32 | Queue | Archer |
| 19:32 | Queue | Archer |
| 19:33 | Queue | Villager (Male) |
| 19:33 | Queue | Villager (Male) |
| 19:58 | Queue | Archer |
| 19:58 | Queue | Archer |
| 20:27 | Queue | Archer ×2 |
| 20:28 | Queue | Villager (Male) |
| 20:28 | Queue | Villager (Male) |
| 20:32 | Build | House |
| 20:40 | Build | Market |
| 21:18 | Queue | Archer ×3 |
| 21:18 | Queue | Villager (Male) |
| 21:19 | Queue | Villager (Male) |
| 21:19 | Queue | Villager (Male) |
| 21:19 | Queue | Villager (Male) |
| 21:44 | Queue | Archer |
| 21:44 | Queue | Archer |
| 22:22 | Queue | Archer ×2 |
| 22:22 | Queue | Archer ×2 |
| 22:32 | Queue | Villager (Male) |
| 23:16 | Research | Castle Age |
| 23:16 | Research | Castle Age |
| 23:21 | Build | Mining Camp |
| 23:26 | Build | Mining Camp |
| 23:31 | Build | House |
| 24:04 | Queue | Villager (Male) |
| 24:11 | Build | Archery Range |
| 24:39 | Build | Palisade Gate |
| 24:40 | Build | House |
| 24:42 | Queue | Villager (Male) ×2 |
| 25:05 | Queue | Archer ×5 |
| 25:05 | Queue | Archer ×5 |
| 25:30 | Queue | Archer |
| 25:31 | Queue | Archer |
| 25:35 | Build | House |
| 25:39 | Build | House |
| 26:00 | Queue | Archer |
| 26:00 | Queue | Archer |
| 26:00 | Queue | Archer |
| 26:04 | Age | Castle Age |
| 26:16 | Research | Bodkin Arrow |
| 26:24 | Research | Crossbowman (upgrade) |
| 26:26 | Queue | Archer ×3 |
| 26:26 | Queue | Archer ×3 |
| 26:26 | Queue | Archer ×3 |
| 26:26 | Queue | Archer ×3 |
| 26:44 | Queue | Archer ×2 |
| 26:44 | Queue | Archer ×2 |
| 26:46 | Build | House |
| 26:47 | Build | House |
| 27:13 | Queue | Archer ×2 |
| 27:13 | Queue | Archer ×2 |
| 27:14 | Queue | Villager (Male) |
| 27:15 | Queue | Villager (Male) |
| 27:27 | Build | University |
| 27:32 | Build | University |
| 27:34 | Build | House |
Match timeline
| 9:59 | LMG_HERA DE TEMU · first_building Barracks |
| 10:31 | LMG_HERA DE TEMU · wall_segment Palisade Wall x2 |
| 10:39 | [/\/\@LiBi] shredz · first_building Barracks |
| 10:40 | [/\/\@LiBi] myplannoplan · first_building Barracks |
| 10:58 | LMG_Leonardo · first_building Barracks |
| 11:51 | LMG_HERA DE TEMU · age_up feudal |
| 11:54 | LMG_HERA DE TEMU · first_building Stable |
| 12:00 | LMG_Leonardo · age_up feudal |
| 12:18 | [/\/\@LiBi] shredz · age_up feudal |
| 12:22 | [/\/\@LiBi] shredz · first_building Stable |
| 12:27 | [/\/\@LiBi] myplannoplan · age_up feudal |
| 12:29 | [/\/\@LiBi] myplannoplan · first_building Archery Range |
| 12:31 | LMG_Leonardo · first_building Stable |
| 13:10 | LMG_HERA DE TEMU · first_building Archery Range |
| 14:43 | LMG_HERA DE TEMU · wall_segment Palisade Wall x10 |
| 15:48 | [/\/\@LiBi] shredz · wall_segment Palisade Wall x5 |
| 16:15 | LMG_HERA DE TEMU · wall_segment Palisade Wall x6 |
| 16:18 | LMG_HERA DE TEMU · wall_segment Palisade Wall x1 |
| 22:59 | [/\/\@LiBi] myplannoplan · first_market_sell 500 stone |
| 23:02 | [/\/\@LiBi] myplannoplan · first_market_buy 100 food |
| 23:50 | LMG_HERA DE TEMU · age_up castle |
| 26:04 | [/\/\@LiBi] myplannoplan · age_up castle |
| 27:16 | LMG_HERA DE TEMU · first_building Siege Workshop |
| 29:05 | LMG_Leonardo · first_market_sell 100 wood |
| 29:38 | LMG_Leonardo · first_market_buy 100 food |
| 30:14 | [/\/\@LiBi] myplannoplan · first_building Siege Workshop |
| 30:20 | [/\/\@LiBi] shredz · age_up castle |
| 31:13 | LMG_Leonardo · wall_segment Palisade Wall x1 |
| 31:14 | LMG_Leonardo · wall_segment Palisade Wall x1 |
| 31:14 | LMG_Leonardo · wall_segment Palisade Wall x2 |
| 31:16 | LMG_Leonardo · wall_segment Palisade Wall x1 |
| 31:17 | LMG_Leonardo · wall_segment Palisade Wall x1 |
| 31:18 | LMG_Leonardo · wall_segment Palisade Wall x1 |
| 31:18 | LMG_Leonardo · wall_segment Palisade Wall x1 |
| 31:19 | LMG_Leonardo · wall_segment Palisade Wall x1 |
| 32:56 | LMG_HERA DE TEMU · first_building Castle |
| 34:47 | LMG_HERA DE TEMU · first_market_buy 100 food |
| 34:48 | LMG_Leonardo · age_up castle |
| 34:49 | LMG_Leonardo · first_building Castle |
| 35:07 | LMG_Leonardo · wall_segment Palisade Wall x1 |
| 37:46 | LMG_Leonardo · resign |
[ AI ANALYSIS · 1 CREDIT ]
What really happened in this match?
Wolo.gg analyzes every decision: build order, eco, micro, common mistakes by bracket. Personalized analysis on WhatsApp or Discord in 30 seconds.
Civ guide
Huns
Perfil
[/\/\@LiBi] shredz